 Dungeon Crawl Stone Soup version 0.21.1-1-g345015f (webtiles) character file.

76 GreenArt the Shooter (level 4, -2/37 HPs)
             Began as a Centaur Hunter on Apr 28, 2018.
             Killed from afar by an orc wizard (6 damage)
             ... with a magic dart
             ... on level 3 of the Dungeon.
             The game lasted 00:12:09 (1869 turns).

GreenArt the Shooter (Centaur Hunter)               Turns: 1869, Time: 00:12:09

Health: -2/37      AC:  4    Str: 14    XL:     4   Next: 12%
Magic:  4/4        EV:  9    Int: 10    God:
Gold:   109        SH:  0    Dex: 11    Spells: 3/3 levels left

rFire    . . .     SeeInvis .   a - +1 shortbow
rCold    . . .     Gourm    .   (shield currently unavailable)
rNeg     . . .     Faith    .   c - +0 leather armour
rPois    .         Spirit   .   (no helmet)
rElec    .         Reflect  .   (no cloak)
rCorr    .         Harm     .   (no gloves)
MR       .....                  (no barding)
Stlth    +.........             (no amulet)
HPRegen  0.12/turn              (no ring)
MPRegen  0.09/turn              (no ring)

@: very quick
A: large, hooves 3, deformed body, speed 2, tough skin 3
a: no special abilities


You were on level 3 of the Dungeon.
You were not hungry.

You visited 1 branch of the dungeon, and saw 3 of its levels.

You collected 109 gold pieces.

Inventory:

Hand Weapons
 a - a +1 shortbow (weapon)
 b - a +0 short sword
 i - a +0 club
 k - a +0 club
 s - a +0 club
 t - a +0 short sword
 v - a +0 whip
 w - a +0 club
 y - a +0 hand axe
 A - a +1 dagger of pain
 E - a +0 club
 F - a +0 club
 G - a cursed +0 dagger
Missiles
 d - 23 arrows (quivered)
 n - 29 bolts
 o - 42 stones
 u - 4 tomahawks
Armour
 c - a +0 leather armour (worn)
 p - a +0 robe
 x - a +0 ring mail
 B - a +0 chain mail
Scrolls
 e - 6 scrolls of identify {unknown}
 h - a scroll of teleportation {unknown}
 l - a scroll of remove curse {unknown}
 m - a scroll of enchant weapon {unknown}
 r - a scroll of immolation {unknown}
 D - a scroll of amnesia {unknown}
Potions
 j - 2 potions of curing {unknown}
 q - a potion of agility {unknown}
 z - a potion of heal wounds {unknown}
Comestibles
 f - 8 rations
 g - 6 chunks of flesh
 C - 2 inedible chunks of flesh


   Skills:
 + Level 2.4 Fighting
 + Level 7.0 Bows
 + Level 0.2 Armour
 + Level 1.6 Dodging
 + Level 0.4 Stealth


You had 3 spell levels left.
You didn't know any spells.

Dungeon Overview and Level Annotations

Branches:
Dungeon (3/15)

Altars:
Dithmenos
Fedhas


Innate Abilities, Weirdness & Mutations

You have hooves in place of feet.
Armour fits poorly on your strangely shaped body.
You cover ground very quickly.
You have extremely tough skin. (AC +3)


Message History

The orc wizard gestures at you while chanting.
The magic dart hits you!
You see here a ration.
Firing (i - inventory. (,) - cycle):
d - 24 arrows (quivered)
Press: ? - help, Shift-Dir - straight line, f/p - orc wizard
Aim: an orc wizard, wielding a dagger and wearing a robe (heavily wounded, fast)
You shoot an arrow. The arrow hits the orc wizard!
The orc wizard is almost dead.
The orc wizard points at you and mumbles some strange words.
You resist with some effort. The orc wizard hits you with a dagger.
* * * LOW HITPOINT WARNING * * *
The orc wizard gestures at you while chanting.
The magic dart hits you!
* * * LOW HITPOINT WARNING * * *
The orc wizard gestures at you while chanting.
The magic dart hits you!
* * * LOW HITPOINT WARNING * * *
The orc wizard casts a spell at you. The magic dart hits you!
You die...

###### #...@#
#o##.# #%##.#
#o##.#######
#oo.......<#
#..........#
#....(.....##
#...........#
#....(....(.#


You could see an orc wizard.

Vanquished Creatures
  2 adders (D:2)
  An adder zombie (D:2)
  A dart slug (D:1)
  4 leopard geckos
  4 giant cockroaches
  A goblin (D:1)
  8 hobgoblins
  3 jackals (D:2)
  7 kobolds
  2 quokkas (D:2)
  2 ball pythons (D:1)
  5 bats
  4 frilled lizards
  4 rats
48 creatures vanquished.

Notes
Turn   | Place    | Note
-------+----------+-------------------------------------------
     0 | D:1      | GreenArt the Centaur Hunter began the quest for the Orb.
     0 | D:1      | Reached XP level 1. HP: 17/17 MP: 1/1
   209 | D:1      | Reached XP level 2. HP: 24/24 MP: 2/2
   305 | D:1      | Reached skill level 6 in Bows
   983 | D:2      | Found a shadowy altar of Dithmenos.
   997 | D:2      | Reached XP level 3. HP: 28/29 MP: 3/3
  1261 | D:2      | Found a blossoming altar of Fedhas.
  1470 | D:2      | Reached XP level 4. HP: 32/37 MP: 4/4
  1519 | D:2      | Reached skill level 7 in Bows
  1869 | D:3      | Killed from afar by an orc wizard

Skill      XL: |  1  2  3  4 |
---------------+-------------+-----
Bows           | 6 7 |  7.0
Fighting       | |  2.4
Armour         | |  0.2
Dodging        | |  1.6
Stealth        | |  0.4

Action                   |  1- 3 |  4- 6 || total
-------------------------+-------+-------++-------
 Fire: Shortbow          |   105 |    19 ||   124
  Eat: Chunk             |       |     1 ||     1
Armor: Leather armour    |    26 |    12 ||    38
Dodge: Dodged            |    35 |     9 ||    44
